cohdb
Replays
Latest Replays
All Replays
Popular Replays
Top Player Replays
Match Explorer
How It Works
Community
CoH3 Stats
Reddit
Sign in to upload your games and track your stats! →
Sign in with Steam
Match 39817719
Unlisted
Match 39817719
Overview
Messages
Build Orders
End
Construct Infanterie Kompanie
Grenadier Squad
MG 42 Machine Gun Team
GrW 34 Mortar Team
Grenadier Squad
Construct Panzergrenadier Kompanie
Support Elements
Nebelwerfer 42 Rocket Launcher Team
Medical Bunker
Panzergrenadier Officer Quarters
StuG III G Assault Gun
Selects Breakthrough Battlegroup
Selects Rapid Production
StuG III G Assault Gun
Side Skirts
Selects Blitzkrieg
Pak 40 Anti-tank Gun Team
Panzergrenadier Squad
StuG III G Assault Gun
StuG III G Assault Gun
Selects Assault Grenadiers
Selects Smoke Bombing Run
Selects Incendiary Bombing Run
Incendiary Bombing Run
Panzergrenadier Squad
Panzergrenadier Squad
Incendiary Bombing Run
Panzergrenadier Squad
Incendiary Bombing Run
Construct Panzer Kompanie
Incendiary Bombing Run
Selects Tiger Heavy Tank
Tiger Heavy Tank
Panzergrenadier Squad
Construct Panzer Kompanie
Pioneer Squad
Incendiary Bombing Run
insane
JIN_47
[USS] Felthecat
L1mbo
COLYT
Sherman-C
Workers of the World,Unite!
Raedwulf
0
0
Comments
sign in to comment!
No comments posted yet!